 Dungeon Crawl Stone Soup version 0.30-a0-862-g1aabd4f9c5 (webtiles) character file.

Game seed: 17221185533377058026

4158 iguanaiguana the Covert (level 10, -2/82 HPs)
             Began as an Armataur Ice Elementalist on Mar 9, 2023.
             Was a Priest of Cheibriados.
             Slain by a two-headed ogre
             ... wielding a +0 giant spiked club
              (11 damage)
             ... on level 9 of the Dungeon.
             The game lasted 00:37:10 (3194 turns).

iguanaiguana the Covert (Armataur Ice Elementalist) Turns: 3194, Time: 00:37:10

Health: -2/82      AC: 15    Str: 22    XL:     10   Next: 7%
Magic:  19/22      EV: 10    Int: 28    God:    Cheibriados [***...]
Gold:   341        SH:  0    Dex: 18    Spells: 16/25 levels left

rFire   . . .      SeeInvis .    j - staff of air
rCold   . . .      Faith    .    (no shield)
rNeg    . . .      Spirit   .    a - +0 robe
rPois   .          Reflect  .    (no helmet)
rElec   +          Roll     +    H - +0 cloak
rCorr   .                        c - +1 pair of gloves
Will    .....                    (no barding)
Stlth   +++++                    m - amulet of magic regeneration
HPRegen 0.33/turn                (no ring)
MPRegen 0.58/turn                (no ring)

@: ice-armoured, freezing walls, studying Stealth, very slow
A: large, rugged brown scales 3, deformed body, armoured tail, roll, long
tongue, awkward tongue
a: Renounce Religion, Bend Time, Temporal Distortion


You were on level 9 of the Dungeon.
You worshipped Cheibriados.
Cheibriados was most pleased with you.
You visited 1 branch of the dungeon, and saw 10 of its levels.

You collected 341 gold pieces.

Inventory:

Hand Weapons
 e - a +0 dagger
 i - a +2 trident of protection
 v - the +8 sling "Haumpol" {heavy, rC+ Str+5}
   (You found it on level 2 of the Dungeon)

   Str:       It affects your strength (+5).
   rC:        It protects you from cold.
 D - a +0 dagger of venom
Missiles
 k - 4 curare-tipped darts (quivered)
 p - 6 boomerangs
Armour
 a - a +0 robe (worn)
 c - a +1 pair of gloves (worn)
 E - a +0 tower shield
 H - a +0 cloak (worn)
Magical Staves
 h - a staff of poison
 j - a staff of air (weapon)
Jewellery
 m - an amulet of magic regeneration (around neck)
Wands
 l - a wand of polymorph (10)
 I - a wand of iceblast (5) {@v2}
 K - a wand of light (1)
Scrolls
 f - a scroll of magic mapping {@r5}
 g - a scroll of noise
 n - 2 scrolls of poison {unknown}
 r - 2 scrolls of amnesia {unknown}
 s - a scroll of silence {unknown}
 t - 2 scrolls of brand weapon {unknown}
 w - a scroll of fog {unknown}
 x - a scroll of immolation {unknown}
 y - 2 scrolls of teleportation {unknown}
 C - a scroll of vulnerability {unknown}
 G - 2 scrolls of summoning {unknown}
Potions
 b - a potion of magic
 d - a potion of mutation
 o - a potion of resistance {@q5}
 z - a potion of flight
 A - a potion of cancellation
 B - a potion of attraction
 F - a potion of brilliance
 L - a potion of degeneration {unknown}


   Skills:
 + Level 3.6 Fighting
 - Level 1.3 Dodging
 - Level 10.0 Stealth
 - Level 8.0 Spellcasting
 - Level 4.0 Conjurations
 - Level 6.0 Ice Magic
 - Level 4.0 Air Magic


You had 16 spell levels left.
You knew the following spells:

 Your Spells              Type           Power      Damage    Failure   Level
a - Static Discharge      Conj/Air       100%       2-7/arc   1%          2
b - Frozen Ramparts       Ice            88%        1d14      1%          3
c - Ozocubu's Armour      Ice            44%        N/A       1%          3
d - Freeze                Ice            100%       1d10      1%          1

Your spell library contained the following spells:

 Spells                   Type           Power      Damage    Failure   Level
 Foxfire                  Conj/Fire      88%        2x1d8     2%          1
 Vhi's Electric Charge    Tloc/Air       66%        N/A       6%          3
 Blink                    Tloc           22%        N/A       8%          2
 Summon Ice Beast         Ice/Summ       28%        N/A       14%         4
 Arcjolt                  Conj/Air       25%        1d35      26%         5
 Iskenderun's Battlesphe  Conj           33%        2d9       26%         5
 Lightning Bolt           Conj/Air       25%        1d41      26%         5
 Manifold Assault         Tloc           11%        N/A       43%         4
 Fireball                 Conj/Fire      11%        3d7       52%         5
 Iron Shot                Conj/Erth      11%        9d3       97%         6
 Starburst                Conj/Fire      11%        6d5       97%         6
 Spellforged Servitor     Conj/Summ      11%        N/A       100%        7
 Storm Form               Tmut/Air       16%        N/A       100%        7


Dungeon Overview and Level Annotations

Branches:
Dungeon (10/15) Zot: 40323  Temple (0/1) D:6
   Lair: D:8-11         Orc: D:9-12

Altars:
Cheibriados
Kikubaaqudgha
Sif Muna
Vehumet
Xom
The Shining One

Shops:
D:2 [   D:4 :   D:5 *


Innate Abilities, Weirdness & Mutations

You are completely covered in rugged brown scales. (AC +3, +7% HP)
Armour fits poorly on your strangely shaped body.
You have a long armoured tail.
You roll when moving toward enemies. (Rampage)
Your long tongue fully drains potion bottles. (2x potion effects)
Your tongue gives you trouble enunciating. (1.5x scroll delay)


Message History

Press: ? - help, Shift-Dir - straight line, f - two-headed ogre
Aim: a two-headed ogre, wielding a +0 giant spiked club and a +0 giant club (76% to hit)
You throw a curare-tipped dart.
The curare-tipped dart barely misses the two-headed ogre.
The curare-tipped dart completely misses the goblin.
Okay, then.
Okay, then.
Casting: Static Discharge (safe; 1% risk of failure)
Confirm with . or Enter, or press ? or * to list all spells.
A film of ice covers your body!
You slurp down every last drop of the potion of curing {@q1}!
You feel better.
The two-headed ogre hits you with a +0 giant spiked club!
* * * LOW HITPOINT WARNING * * *
You slurp down every last drop of the potion of curing {@q1}!
You feel better.
Casting: Ozocubu's Armour (safe; 1% risk of failure)
Confirm with . or Enter, or press ? or * to list all spells.
Casting: Frozen Ramparts (safe; 1% risk of failure)
Press: ? - help, Dir - look around, f - activate The walls around you are covered in ice.
The wall freezes the two-headed ogre!
The two-headed ogre hits you with a +0 giant club!
* * * LOW HITPOINT WARNING * * *
The wall freezes the goblin!
You kill the goblin!
Cheibriados appreciates the change of pace.
Throw: 5 darts (curare)
Press: ? - help, Shift-Dir - straight line, f - two-headed ogre
Aim: a two-headed ogre, wielding a +0 giant spiked club and a +0 giant club (lightly wounded, 76% to hit)
You throw a curare-tipped dart.
The curare-tipped dart hits the two-headed ogre.
The two-headed ogre is poisoned.
The two-headed ogre convulses.
The two-headed ogre seems to slow down.
The two-headed ogre is moderately wounded.
The wall freezes the two-headed ogre!
The two-headed ogre hits you with a +0 giant spiked club!
* * * LOW HITPOINT WARNING * * *
The two-headed ogre hits you with a +0 giant club!
You die...

#.# #(#
##.#######
#........####
#."..........
#........#
#.....)..#
######O###
#@# #.# ##.#
#.)# #.##
#######'####
#..........#
#.....<....#
#..........+


You could see a two-headed ogre (very poisoned, slow).

Vanquished Creatures
  2 boulder beetles (D:7)
  A two-headed ogre (D:7)
  A wraith (D:9)
  A wyvern (D:7)
  Menkaure (D:6)
  A water moccasin (D:7)
  Duvessa (D:6)
  2 ice beasts
  An orc warrior (D:9)
  2 sky beasts (D:7)
  2 centaurs
  3 phantoms (D:7)
  2 bullfrogs
  Dowan (D:6)
  4 howler monkeys
  4 hounds
  A jelly (D:7)
  5 orc priests
  A sleepcap (D:5)
  An iguana (D:4)
  5 orc wizards
  5 adders
  3 white imps
  An ufetubus (D:6)
  A worm (D:3)
  A dart slug (D:1)
  18 orcs
  4 endoplasms
  3 giant cockroaches (D:1)
  9 goblins
  3 hobgoblins
  A quokka (D:1)
  8 ball pythons
  6 bats
  5 kobolds
  2 rats (D:1)
112 creatures vanquished.

Vanquished Creatures (others)
  2 withered plants (D:4)
2 creatures vanquished.

Grand Total: 114 creatures vanquished

Notes
Turn   | Place    | Note
-------+----------+-------------------------------------------
     0 | D:1      | iguanaiguana the Armataur Ice Elementalist began the quest
                  | for the Orb.
     0 | D:1      | Reached XP level 1. HP: 14/14 MP: 3/3
   130 | D:2      | Reached skill level 3 in Stealth
   164 | D:2      | You fall into a shaft and drop 2 floors!
   198 | D:4      | Reached XP level 2. HP: 18/21 MP: 2/4
   240 | D:4      | Found Nove's Book Shop.
   246 | D:4      | Reached skill level 4 in Stealth
   246 | D:4      | Reached XP level 3. HP: 20/27 MP: 5/5
   377 | D:4      | Reached skill level 5 in Stealth
   377 | D:4      | Reached XP level 4. HP: 31/35 MP: 6/6
   395 | D:4      | Found a snail-covered altar of Cheibriados.
   395 | D:4      | Found a glowing golden altar of the Shining One.
   403 | D:4      | Became a worshipper of Cheibriados the Contemplative
   439 | D:4      | Found an ancient bone altar of Kikubaaqudgha.
   685 | D:2      | Found a shimmering blue altar of Sif Muna.
   688 | D:2      | Found Uddait's Antique Armour Shoppe.
   755 | D:2      | Identified the +8 sling "Haumpol" {heavy, rC+ Str+5}
  1042 | D:1      | Reached * piety under Cheibriados
  1449 | D:3      | Reached XP level 5. HP: 31/40 MP: 7/7
  1488 | D:5      | Entered Level 5 of the Dungeon
  1547 | D:5      | Learned a level 3 spell: Frozen Ramparts
  1551 | D:5      | Learned a level 3 spell: Ozocubu's Armour
  1578 | D:5      | Found Nyuhim's Elemental Accessories.
  1593 | D:5      | Reached skill level 5 in Ice Magic
  1668 | D:6      | Reached XP level 6. HP: 42/48 MP: 3/8
  1731 | D:5      | Reached ** piety under Cheibriados
  1739 | D:6      | Found a shimmering altar of Xom.
  1748 | D:6      | Noticed Menkaure
  1763 | D:6      | Killed Menkaure
  1764 | D:6      | Reached skill level 1 in Fighting
  1920 | D:6      | Noticed an ice beast
  1935 | D:6      | Killed an ice beast
  1936 | D:6      | Reached XP level 7. HP: 58/58 MP: 9/11
  2005 | D:6      | Noticed Duvessa
  2010 | D:6      | Noticed Dowan
  2022 | D:6      | Killed Duvessa
  2023 | D:6      | Killed Dowan
  2057 | D:7      | Noticed a boulder beetle
  2089 | D:6      | Found a staircase to the Ecumenical Temple.
  2163 | D:7      | Reached skill level 1 in Conjurations
  2163 | D:7      | Reached skill level 1 in Air Magic
  2249 | D:7      | Reached XP level 8. HP: 45/65 MP: 14/14
  2252 | D:7      | Learned a level 2 spell: Static Discharge
  2434 | D:7      | Noticed a boulder beetle
  2439 | D:7      | Noticed a two-headed ogre
  2450 | D:7      | Killed a two-headed ogre
  2451 | D:7      | Reached skill level 5 in Spellcasting
  2458 | D:7      | Reached XP level 9. HP: 26/71 MP: 7/17
  2548 | D:7      | Killed a boulder beetle
  2583 | D:7      | Found a radiant altar of Vehumet.
  2749 | D:7      | Killed a boulder beetle
  2750 | D:7      | Reached skill level 8 in Stealth
  2750 | D:7      | Reached skill level 9 in Stealth
  2951 | D:8      | Reached *** piety under Cheibriados
  2952 | D:8      | Reached skill level 10 in Stealth
  3072 | D:10     | Entered Level 10 of the Dungeon
  3151 | D:9      | Reached XP level 10. HP: 61/80 MP: 13/22
  3176 | D:9      | Noticed a two-headed ogre
  3194 | D:9      | Slain by a two-headed ogre

Illustrated notes

Levels and vault maps discovered:
D:1:      saegor_arrival_simple_b, layout_loops_corners,
          shapermc_ecumenical_altar_ellora, dreamdust_princess_bridge,
          minmay_close_crescents
D:2:      layout_basic, serial_shops, shop, shop, shop, shop_fountains,
          basic_altar, dk_vineyard_1, chequers_serial_rivers_micro_b
D:3:      layout_loops_cross
D:4:      layout_gridville, kiku_gazebo_garden_becter,
          amethyst_overflow_temple_binary, serial_shops, nicolae_shop_crystal,
          uniq_edmund
D:5:      layout_basic, nicolae_elemental_shop, uniq_crazy_yiuf_cottage
D:6:      layout_basic, nicolae_overflow_crystal_walls, temple_green,
          water_maze_lemuel, uniq_menkaure, uniq_duvessa
D:7:      layout_basic, nicolae_vehumet_altar_sigil, minmay_manual_mess
D:8:      layout_basic, minmay_misc_feat_alley
D:9:      layout_roguey, erik_orc_4, uniq_prince_ribbit1, uniq_maurice
D:10:     layout_basic, zin_statuary, nicolae_trove_entry_crystal

Skill      XL: |  1  2  3  4  5  6  7  8  9 10 |
---------------+-------------------------------+-----
Stealth        | 3 4 5 10 | 10.0
Ice Magic      | 4 5 6 |  6.0
Fighting       | 2 3 |  3.6
Spellcasting   | 2 4 5 8 |  8.0
Conjurations   | 2 4 |  4.0
Air Magic      | 2 4 |  4.0
Dodging        | |  1.3

Action                     |  1- 3 |  4- 6 |  7- 9 | 10-12 || total
---------------------------+-------+-------+-------+-------++-------
  Melee: Staff             |     3 |       |     4 |       ||     7
         Tailslap          |     4 |    12 |    24 |       ||    40
         Unarmed           |     1 |       |       |       ||     1
         Trident           |    17 |   116 |    99 |       ||   232
         Punch             |       |     2 |       |       ||     2
   Fire: Sling             |       |       |     1 |       ||     1
  Throw: Dart              |       |       |     2 |     2 ||     4
   Cast: Freeze            |    11 |       |       |       ||    11
         Frozen Ramparts   |       |     6 |    11 |     3 ||    20
         Ozocubu's Armour  |       |     2 |     8 |     1 ||    11
         Static Discharge  |       |       |    27 |     6 ||    33
  Evoke: Wand              |       |       |    12 |       ||    12
    Use: Scroll            |       |     9 |     5 |     1 ||    15
         Potion            |       |     1 |     3 |     2 ||     6
   Stab: Sleeping          |     2 |    18 |     9 |       ||    29
         Invisible         |       |       |     5 |       ||     5
 Armour: Robe              |    21 |    46 |    71 |     4 ||   142
  Dodge: Dodged            |    18 |    47 |    78 |     7 ||   150

Table legend: (Time is in decaauts)
 A = Elapsed time spent in this place.
 B = Non-inter-level travel time spent in this place.
 C = Inter-level travel time spent in this place.
 D = Time resting spent in this place.
 E = Time spent auto-exploring this place.
 F = Levels seen in this place.
 G = Mean time per level.
                   A        B        C        D        E       F      G
               +--------+--------+--------+--------+--------+-----+--------+
         Total |   4278 |   3997 |    281 |      0 |      0 |  10 |  427.8 |
       Dungeon |   4278 |   3997 |    281 |      0 |      0 |  10 |  427.8 |
               +--------+--------+--------+--------+--------+-----+--------+

Top non-repeatable levels by time:
     D:7: 966 daAuts
     D:1: 605 daAuts
     D:6: 563 daAuts
     D:3: 492 daAuts
     D:8: 416 daAuts
     D:2: 401 daAuts
     D:4: 337 daAuts
     D:5: 320 daAuts
     D:9: 171 daAuts
    D:10: 2 daAuts
